[Event "*** SCC Grand Prix: Titled Tuesday Blitz"]
[Site "Chess.com"]
[Date "2020.06.09"]
[Round "10"]
[White "Vandros57"]
[Black "bmt011"]
[Result "0-1"]
[WhiteElo "2197"]
[BlackElo "2125"]
[TimeControl "180+1"]
[EndTime "10:58:33 PDT"]
[Termination "bmt011 won on time"]

1. d4 Nf6 2. Nf3 e6 3. c4 Bb4+ 4. Bd2 c5 5. Bxb4 cxb4 6. g3 O-O 7. Bg2 d6 8. O-O a5 9. a3 Na6 10. Nbd2 Re8 11. Ne1 e5 12. Nc2 Bf5 13. e4 Bg4 14.
f3 Be6 15. d5 Bd7 16. axb4 axb4 17. Nb3 Qb6+ 18. Kh1 Rec8 19. Qe2 Nc7 20. Ne3 Na6 21. h4 Nh5 22. Kh2 g6 23. Bh3 Bxh3 24. Kxh3 Nc5 25.
Nxc5 Qxc5 26. b3 Ra6 27. Nc2 Rf8 28. Qe3 Rxa1 29. Rxa1 b6 30. Qxc5 bxc5 31. Ra6 Rd8 32.
Ne1 f5 33. Ra7 Nf6 34. exf5 gxf5 35. Kg2 Rd7 36. Ra8+ Kg7 37. Nd3 Kg6 38. Kf2 e4 39. Nf4+ Kh6 40. Ne6 exf3 41. Kxf3 Ne4 42. Kf4 Nd2 43.
Kxf5 Rf7+ 44. Kg4 Nxb3 45. Kh3 Nd4 46. Rg8 Nxe6 47. dxe6 Re7 48. Rb8 Rxe6 49. Rb6 Kg6 50. g4 Kf6 51. Kg3 Ke5 52. g5 Kd4 53. Kg4 Kxc4 54.
h5 Kc3 55. g6 hxg6 56. h6 Re1 57. Kg5 Rg1+ 58. Kf6 b3 59. Rxd6 b2 60. Rb6 Kc2 61.
Kg7 c4 62. h7 Rh1 0-1

[Event "*** SCC Grand Prix: Titled Tuesday Blitz"]
[Site "Chess.com"]
[Date "2020.06.09"]
[Round "10"]
[White "andriipalchuk"]
[Black "Oleksandr_Bortnyk"]
[Result "1/2-1/2"]
[WhiteElo "2314"]
[BlackElo "2903"]
[TimeControl "180+1"]
[EndTime "10:58:34 PDT"]
[Termination "Game drawn by repetition"]

1. e4 Nf6 2. e5 Nd5 3. d4 d6 4. Nf3 dxe5 5. Nxe5 c6 6. Be2 Bf5 7. O-O Nd7 8. Nxd7 Qxd7 9. c3 e6 10. Nd2 Bd6 11. Nc4 O-O 12. Nxd6 Qxd6 13. Re1 Rad8 14.
Bf1 c5 15. dxc5 Qxc5 16. Qb3 b6 17. Bg5 Rd7 18. Rad1 h6 19. Be3 Qc7 20. Bd4 Rdd8 21. Be5 Qe7 22. Rd4 Qg5 23. Red1 Qg6 24. Qa3 Rc8 25. c4 Nf6 26. Qxa7 Bc2 27. Re1 Ne4 28. Qxb6 Ng5 29. Bg3 Rb8 30. Qa5 Rxb2 31. c5 Be4 32. h4 Nf3+ 33. gxf3 Bxf3 34. Qc3 Rxa2 35. Qxf3 Qc2 36.
c6 Qb2 37. Rc4 Ra3 38. Qe2 Qb6 39. c7 Rxg3+ 40. Kh2 Ra3 41. c8=Q Rxc8 42. Rxc8+ Kh7 43. Qe4+ g6 44. Qf4 Ra7 45. Rf8 Kg7 46. Rc8 Ra2 47. Kg1 Ra5 48. Rc3 Rf5 49. Qg3 Qb4 50. Rf3 Qxe1 51.
Rxf5 exf5 52. Kg2 Qa1 53. Qe3 Qf6 54. Qg3 f4 55. Qg4 h5 56. Qg5 Qc6+ 57. Kg1 Qe4 58. Bg2 f3 59. Bf1 f6 60. Qg3 Kh6 61. Kh2 Kg7 62.
Qc7+ Kh6 63. Qg3 Kg7 64. Qc7+ Kh6 65. Qg3 1/2-1/2

[Event "*** SCC Grand Prix: Titled Tuesday Blitz"]
[Site "Chess.com"]
[Date "2020.06.09"]
[Round "10"]
[White "LuckSlayeer"]
[Black "ARTHURMOTIVATOR"]
[Result "0-1"]
[WhiteElo "2448"]
[BlackElo "2307"]
[TimeControl "180+1"]
[EndTime "10:58:34 PDT"]
[Termination "ARTHURMOTIVATOR won by checkmate"]

1. Nf3 g6 2. c4 Bg7 3. g3 e5 4.
d3 Nc6 5. Bg2 d6 6. O-O Nf6 7. Nc3 O-O 8. Rb1 h6 9. b4 Be6 10. b5 Ne7 11. Ne1 Qc8 12. Nc2 Bh3 13. a4 Nh5 14. d4 Bxg2 15. Kxg2 exd4 16. Nxd4 Nf5 17. Nxf5 Qxf5 18. Bb2 Qg4 19. e4 Nf4+ 20. Kg1 Qxd1 21. Rfxd1 Bxc3 22. gxf4 Bxb2 23. Rxb2 Rfe8 24. f3 f5 25. Re2 Re6 26. Kf2 Rf8 27. e5 dxe5 28.
fxe5 f4 29. Rd7 Rf7 30. Rd8+ Kg7 31. Re4 g5 32. h3 a6 33. Ke2 axb5 34. axb5 Kg6 35.
c5 Kf5 36. Rd5 Rfe7 37. Kd3 Rxe5 38. Rexe5+ Rxe5 39. Kd4 Rxd5+ 40. Kxd5 h5 41. b6 cxb6 42. cxb6 g4 43. hxg4+ hxg4 44. fxg4+ Kxg4 45. Kd6 f3 46. Kc7 f2 47. Kxb7 f1=Q 48. Ka7 Qa1+ 49. Kb8 Kf5 50. b7 Qc3 51. Ka8 Qa5+ 52. Kb8 Ke6 53. Kc8 Qc5+ 54. Kd8 Qb6+ 55. Kc8 Qc6+ 56. Kb8 Kd6 57. Ka7 Qa4+ 58. Kb8 Kc6 59. Kc8 Qg4+ 60. Kb8 Qb4 61.
Kc8 Qxb7+ 62. Kd8 Qd7# 0-1

[Event "*** SCC Grand Prix: Titled Tuesday Blitz"]
[Site "Chess.com"]
[Date "2020.06.09"]
[Round "10"]
[White "pavelalexandru07"]
[Black "JulAnt"]
[Result "0-1"]
[WhiteElo "2166"]
[BlackElo "2372"]
[TimeControl "180+1"]
[EndTime "10:58:34 PDT"]
[Termination "JulAnt won by checkmate"]

1. e4 c5 2. Nf3 e6 3. d4 cxd4 4. Nxd4 Nf6 5. Nc3 d6 6. Bg5 Be7 7. f4 h6 8. Bh4 a6 9. Qf3 Nc6 10. O-O-O Qc7 11. g4 Nxd4 12. Rxd4 b5 13. a3 Bb7 14.
Bg3 Rc8 15. Rd2 Qb6 16. g5 hxg5 17. fxg5 Nd7 18. Kb1 g6 19. h4 b4 20. axb4 Qxb4 21. Rf2 Rf8 22. Bh3 Nc5 23. Re1 Rb8 24. b3 Na4 25.
Nxa4 Qxe1+ 26. Kb2 Qxe4 27. Qc3 Qc6 28. Qd4 Bc8 29.
h5 gxh5 30. Bg2 d5 31. Bxb8 Bxg5 32. Be5 h4 33. Bh3 Bd7 34. Nc5 Bc8 35. Nd3 Be7 36. Bf6 Bd6 37. Ne5 Qc7 38. Bxh4 Bxe5 39. c3 Bxd4 40.
cxd4 Qb6 41. Bf6 Bd7 42. Bf1 Bb5 43. Bg2 Kd7 44. Be5 Qc6 45. Bf1 Bxf1 46. Rxf1 Rc8 47. Rxf7+ Ke8 48. Rf2 Qc1+ 49. Ka2 Rc2+ 50. Rxc2 Qxc2+ 51.
Ka3 Kd7 52. Ka4 Kc6 53. Ka3 Kb5 54. b4 Qc3+ 55. Ka2 Kxb4 56. Bd6+ Kc4 57. Be5 Qc2+ 58. Ka1 Kb3 59. Bf4 Qa2# 0-1

[Event "*** SCC Grand Prix: Titled Tuesday Blitz"]
[Site "Chess.com"]
[Date "2020.06.09"]
[Round "10"]
[White "VALPARAISO37"]
[Black "viktorskliarov"]
[Result "0-1"]
[WhiteElo "2422"]
[BlackElo "2600"]
[TimeControl "180+1"]
[EndTime "10:58:36 PDT"]
[Termination "viktorskliarov won on time"]

1. d4 Nf6 2. c4 e6 3. Nc3 Bb4 4. a3 Bxc3+ 5. bxc3 c5 6. e3 d6 7. f3 Nc6 8. Bd3 O-O 9. Ne2 e5 10. O-O Na5 11. Ng3 b6 12. d5 Ba6 13. e4 Bxc4 14. Bg5 h6 15. Be3 Bxd3 16. Qxd3 c4 17. Qc2 Nb3 18. Rad1 Nc5 19. Nf5 Kh7 20. Qf2 Nh5 21.
Bxc5 bxc5 22. Qe2 g6 23. Ng3 Nf4 24. Qxc4 Qa5 25. a4 Rab8 26. Rb1 h5 27. Rfd1 h4 28.
Nf1 Qxc3 29. Qa2 h3 30. g3 Nd3 31. Qe2 Qd4+ 32. Ne3 Rxb1 33. Rxb1 Nb4 34. Rd1 Qc3 35. Nc4 Rd8 36. Ne3 Kg7 37. Ng4 c4 38.
f4 Nd3 39. f5 Qb4 40. Kf1 Qb2 41. Rd2 Qa1+ 42. Rd1 Qxa4 43. f6+ Kf8 44. Qd2 Ke8 45. Rb1 Nc5 46. Qh6 c3 47. Qg7 Qc4+ 48. Kg1 c2 49. Qg8+ Kd7 50. Qxf7+ Kc8 51. Rc1 Qd4+ 52.
Nf2 Qd2 53. Rf1 c1=Q 54. Qxg6 Qxf1+ 55. Kxf1 Nd3 56. Nxd3 Qxd3+ 57. Ke1 Qe3+ 0-1

[Event "*** SCC Grand Prix: Titled Tuesday Blitz"]
[Site "Chess.com"]
[Date "2020.06.09"]
[Round "10"]
[White "Moon_stone123"]
[Black "gui_borba"]
[Result "1-0"]
[WhiteElo "2479"]
[BlackElo "2357"]
[TimeControl "180+1"]
[EndTime "10:58:37 PDT"]
[Termination "Moon_stone123 won on time"]

1. e4 c6 2. Nc3 d5 3. Nf3 Bg4 4.
h3 Bh5 5. d4 dxe4 6. Nxe4 Nf6 7. Nxf6+ exf6 8. c3 Bd6 9. Be2 O-O 10. O-O Re8 11.
Be3 Nd7 12. Nd2 Bxe2 13. Qxe2 f5 14. Qf3 g6 15. Rfe1 Nf6 16. Bg5 Be7 17. Qd3 Nd5 18.
Bxe7 Rxe7 19. Nf3 Qb6 20. Rxe7 Nxe7 21. Re1 Nd5 22. b4 a5 23. bxa5 Qxa5 24. c4 Nb4 25.
Qd2 Nxa2 26. Qh6 Qb4 27. Ra1 Qf8 28. Qh4 Nc3 29. Rxa8 Qxa8 30. Ng5 h5 31. g4 Ne2+ 32.
Kg2 Qa1 33. gxh5 Qxd4 34. Qxd4 Nxd4 35. h6 b5 36. cxb5 cxb5 37. h7+ Kg7 38. Nxf7 Kxh7 39.
Ne5 Kg7 40. f4 b4 41. Nd3 b3 42. Kf2 Kf6 43. Ke3 Nc6 44. Kd2 Ke6 45. Nc5+ Kd5 46. Nxb3 Ke4 47. Ke2 Kxf4 48. Kf2 Ne5 49. Nd4 Ke4 50. Ne6 f4 51. h4 Nd3+ 52. Kf1 f3 53.
Ng5+ Kf4 54. Ne6+ Kg3 55. Nf8 Ne5 56. Nxg6 Nxg6 57. h5 1-0

[Event "*** SCC Grand Prix: Titled Tuesday Blitz"]
[Site "Chess.com"]
[Date "2020.06.09"]
[Round "10"]
[White "Treacherous_horse64"]
[Black "TheBigBadChessDad"]
[Result "1-0"]
[WhiteElo "2461"]
[BlackElo "2276"]
[TimeControl "180+1"]
[EndTime "10:58:39 PDT"]
[Termination "Treacherous_horse64 won on time"]

1. d4 d5 2. Nf3 e6 3. c4 Nf6 4.
Nc3 Be7 5. Bf4 a6 6. e3 O-O 7. Qc2 Nbd7 8. a3 dxc4 9. Bxc4 b5 10. Be2 Bb7 11. O-O c5 12. dxc5 Nxc5 13. Rfd1 Qb6 14.
Rac1 Rac8 15. b4 Nce4 16. Qb2 Nxc3 17. Rxc3 Rxc3 18. Qxc3 Nd5 19. Qe5 Bf6 20. Qd6 Qxd6 21. Bxd6 Rc8 22. Bf1 Bb2 23. Rd3 h6 24. Rb3 Bc1 25.
Bc5 Nf6 26. Bd3 Rd8 27. Kf1 Bd5 28. Rc3 Bb2 29. Rc2 Bxf3 30. gxf3 Rxd3 31. Rxb2 Rxa3 32. Rd2 Nd5 33. e4 Nf4 34. Rd1 e5 35. Be3 g5 36.
Bxf4 gxf4 37. Rd6 Kg7 38. Kg2 f6 39. Rb6 Kg6 40. Rc6 Rb3 41. Rxa6 Rxb4 42. Rb6 Rb1 43. Kh3 b4 44. Rb8 b3 45. Rb7 Kg5 46. Rg7+ Kh5 47. Rb7 Rf1 48. Rxb3 Rxf2 49. Rd3 Kg5 50. Rc3 f5 51. exf5 Kxf5 52. Rb3 1-0

[Event "*** SCC Grand Prix: Titled Tuesday Blitz"]
[Site "Chess.com"]
[Date "2020.06.09"]
[Round "10"]
[White "Rish_97"]
[Black "Radzio1987"]
[Result "1/2-1/2"]
[WhiteElo "2718"]
[BlackElo "2890"]
[TimeControl "180+1"]
[EndTime "10:58:42 PDT"]
[Termination "Game drawn by repetition"]

1. e4 c6 2. d4 d5 3. e5 Bf5 4. h4 h5 5. c4 e6 6. Nc3 dxc4 7.
Bxc4 Be7 8. Nge2 Nd7 9. Ng3 Bg6 10. Nge4 Nb6 11. Bb3 Nh6 12. Bg5 Nf5 13. O-O Qxd4 14. Qe2 Qxe5 15. Rad1 O-O 16. Bxe7 Nxe7 17. Qf3 Ned5 18. Ng5 Qf5 19. Qg3 Qg4 20. Qxg4 hxg4 21. Rd4 Bf5 22. Rfd1 Rad8 23. Nge4 Nxc3 24. Nxc3 Rxd4 25.
Rxd4 Nd5 26. Bd1 e5 27. Nxd5 cxd5 28. Rxd5 f6 29. Ra5 Rd8 30. Bb3+ Kh7 31. Rxa7 Rd2 32. Rxb7 g3 33. fxg3 Be4 34. Rb4 f5 35. a4 Rxg2+ 36. Kf1 Rxg3 37. a5 Rh3 38. Bc4 Rh1+ 39. Kf2 Kh6 40. a6 Ra1 41. b3 Ra2+ 42. Ke3 Bg2 43. Ra4 f4+ 44. Kd3 e4+ 45. Kc3 Rxa4 46. bxa4 e3 47. Kd4 Kh5 48. a7 Ba8 49. Bd5 e2 50. Bxa8 e1=Q 51. Bf3+ Kxh4 52. a8=Q Qe3+ 53. Kc4 Kg3 54. Bd5 Qe2+ 55. Kc5 Qe3+ 56. Kd6 f3 57.
Bxf3 Qf4+ 58. Ke6 Qe3+ 59. Kd6 Qf4+ 60. Kd7 Qf5+ 61. Kd6 Qf6+ 62. Kd7 Qf5+ 63. Kd6 Qf6+ 64. Kd7 Qf5+ 1/2-1/2

[Event "*** SCC Grand Prix: Titled Tuesday Blitz"]
[Site "Chess.com"]
[Date "2020.06.09"]
[Round "10"]
[White "Vuk2000"]
[Black "1stSecond"]
[Result "1-0"]
[WhiteElo "2653"]
[BlackElo "2778"]
[TimeControl "180+1"]
[EndTime "10:58:45 PDT"]
[Termination "Vuk2000 won by checkmate"]

1. e4 d5 2. exd5 Qxd5 3. Nc3 Qa5 4. d4 c6 5. Nf3 Nf6 6. Bc4 Bg4 7. h3 Bxf3 8. Qxf3 Nbd7 9. O-O e6 10. a3 Bd6 11. Ne4 Nxe4 12. Qxe4 Nf6 13. Qe2 O-O 14. c3 Rfe8 15. b4 Qc7 16. Bg5 Nd5 17. Qf3 Bf4 18.
Bh4 a5 19. g3 Bd2 20. Ra2 Bxc3 21. Bxd5 cxd5 22. Rc2 axb4 23. axb4 Ra3 24. Rfc1 Bxb4 25. Qg4 Qb8 26. Rc7 Bf8 27. Qf4 f5 28. g4 Ra6 29. Bg3 Qd8 30. gxf5 Bd6 31. Qg4 Bxc7 32.
Rxc7 Qf6 33. Be5 exf5 34. Qg2 Qg6 35. Rxg7+ Kf8 36. Rxg6 Rxg6 37. Bg3 f4 38. Qf3 Re4 39. Kh2 Ke7 40. Bh4+ Ke6 41. Qb3 Rxd4 42. Qb6+ Ke5 43.
Qc7+ Ke4 44. Qc2+ Rd3 45. Qe2+ Kd4 46. Qb2+ Kc4 47. Qxb7 f3 48. Qc7+ Kb3 49. Bg3 d4 50.
Qf7+ Kc2 51. Qc4+ Rc3 52. Qxd4 Rgc6 53. Qe4+ Kd2 54. Bf4+ Kd1 55. Qd4+ Ke2 56. Qd2+ Kf1 57. Bg3 Rc1 58. Qd3+ Ke1 59. Qe3+ Kf1 60. Qd3+ Ke1 61. Qxf3 h6 62. Qe4+ Kf1 63. Qd3+ Ke1 64. f4# 1-0

[Event "*** SCC Grand Prix: Titled Tuesday Blitz"]
[Site "Chess.com"]
[Date "2020.06.09"]
[Round "10"]
[White "Future2700"]
[Black "vinniethepooh"]
[Result "1-0"]
[WhiteElo "2427"]
[BlackElo "2545"]
[TimeControl "180+1"]
[EndTime "10:58:45 PDT"]
[Termination "Future2700 won by resignation"]

1. e4 c5 2. Nf3 d6 3. d4 cxd4 4. Nxd4 Nf6 5. Nc3 a6 6. g3 e5 7. Nde2 Be7 8. Bg2 b5 9. a4 bxa4 10. Rxa4 O-O 11. O-O Nbd7 12. h3 Nc5 13. Ra1 Bb7 14.
Nd5 Ncxe4 15. Nxf6+ Bxf6 16. Bxe4 Bxe4 17. Nc3 Bb7 18.
Nd5 Be7 19. Be3 Re8 20. Bb6 Qd7 21. Kh2 Rac8 22. c3 Bf8 23. Be3 f5 24. Qb3 Kh8 25. Rfd1 f4 26. gxf4 exf4 27. Nxf4 Re5 28. Bd4 Rf5 29.
Qe6 Bc6 30. Qxd7 Bxd7 31. Be3 g5 32. Nd5 Rf3 33. Nb6 Rc7 34. Nxd7 Rxd7 35. Rxa6 Rdf7 36. Kg2 R3f5 37. Ra8 Kg7 38. Ra4 Kg6 39. Re4 R7f6 40. Bd4 Rf7 41. Re6+ Kh5 42. Rde1 Bg7 43. Bxg7 Rxg7 44.
Rxd6 Rgf7 45. Re2 Rf3 46. c4 R3f4 47. c5 R7f5 48. Rc2 Rf7 49. c6 Rc7 50. Rd7 Rxd7 51. cxd7 Rd4 52. Rc7 Kg6 53. b4 Kf6 54. b5 Ke6 55. b6 Rxd7 56. Rxd7 Kxd7 57. Kg3 Kc6 58. Kg4 Kxb6 59. Kxg5 Kc7 60. Kh6 Kd7 61. Kxh7 Ke6 62. Kg6 Ke5 63. Kg5 Ke6 64. f4 Kf7 65. f5 Kg7 66. f6+ Kf7 67. Kf5 Kf8 68. Kg6 Kg8 69. f7+ Kf8 70. h4 1-0

[Event "*** SCC Grand Prix: Titled Tuesday Blitz"]
[Site "Chess.com"]
[Date "2020.06.09"]
[Round "10"]
[White "UCantHandleDenker"]
[Black "bazar-wokzal"]
[Result "1-0"]
[WhiteElo "2520"]
[BlackElo "2388"]
[TimeControl "180+1"]
[EndTime "10:58:47 PDT"]
[Termination "UCantHandleDenker won by resignation"]

1. Nf3 f5 2. g3 Nf6 3. Bg2 d6 4. O-O e5 5. d3 Nc6 6. c4 h6 7.
Nc3 g5 8. Rb1 Bg7 9. b4 O-O 10.
b5 Ne7 11. a4 Ng6 12. e3 f4 13. exf4 exf4 14. Re1 g4 15. Nd2 f3 16. Bf1 Bf5 17.
Bb2 h5 18. Nde4 h4 19. Qd2 Nxe4 20. Nxe4 Re8 21. Bxg7 Kxg7 22. Qc3+ Kf7 23. Qd4 Re5 24. Re3 b6 25. Rbe1 Qe7 26. Nc3 Re8 27. Nd5 Qd8 28. Nf4 hxg3 29. hxg3 Rxe3 30. Rxe3 Rxe3 31. Qxe3 Qg5 32. Nd5 Qxe3 33. fxe3 Ne5 34. e4 Be6 35. Nxc7 Ke7 36. Kf2 Kd7 37. Nxe6 Kxe6 38. d4 Nd7 39. Ke3 Kf6 40. Kf4 f2 41. Kxg4 Kg6 42. Kf3 Nf6 43. Bd3 Kg5 44. Kxf2 Kg4 45. e5 dxe5 46. dxe5 Nd7 47. e6 Nf6 48. Bg6 Kg5 49. Bf7 Ng4+ 50. Ke2 Kf6 51. Kf3 Ne5+ 52. Ke4 Nxc4 53. Kd5 Nb2 54.
Kd6 Nxa4 55. g4 Nc3 56. g5+ Kxg5 57. e7 Nxb5+ 58. Kd7 Kf6 59. e8=Q Nd4 60. Qe7+ Kf5 61. Bd5 b5 62. Qe4+ 1-0

[Event "*** SCC Grand Prix: Titled Tuesday Blitz"]
[Site "Chess.com"]
[Date "2020.06.09"]
[Round "10"]
[White "louis198"]
[Black "GMKrikor"]
[Result "1/2-1/2"]
[WhiteElo "2482"]
[BlackElo "2720"]
[TimeControl "180+1"]
[EndTime "10:58:49 PDT"]
[Termination "Game drawn - insufficient material"]

1. d4 Nf6 2. Bf4 c5 3. e3 g6 4.
Nf3 Bg7 5. Nbd2 d6 6. h3 O-O 7. c3 cxd4 8. cxd4 Nc6 9. Bc4 e5 10. dxe5 dxe5 11. Bh2 Qe7 12. O-O e4 13. Ne1 Ne5 14.
Nc2 b6 15. Nd4 Bb7 16. Qe2 Nxc4 17. Nxc4 Rfd8 18. a4 Rac8 19. Rfc1 Nd5 20. a5 Qb4 21. axb6 axb6 22. Ra7 Ba8 23. Qf1 Qc5 24. Nb3 Qf8 25. Ncd2 Rxc1 26. Qxc1 Rc8 27. Qa1 Nb4 28. Nd4 Bd5 29.
Bg3 h5 30. h4 Nc2 31. Qa4 Nxd4 32. exd4 Qe8 33. Qxe8+ Rxe8 34. Rd7 Be6 35. Rd6 f5 36. Be5 Bh6 37. Nc4 b5 38. Ne3 f4 39. Nd5 Bxd5 40.
Rxd5 e3 41. fxe3 fxe3 42. Kf1 Rf8+ 43. Ke2 Rf2+ 44. Ke1 Rxb2 45. Rd8+ Kf7 46. Rh8 Rxg2 47. Rxh6 b4 48. Rh7+ Ke6 49. Rb7 Rg4 50. Rxb4 Kd5 51.
Rb5+ Ke4 52. Bf6 Kf3 53. Rg5 Rxh4 54. Rf5+ gxf5 55. Bxh4 Ke4 56. Bf6 f4 57. Bg5 f3 58.
d5 Kxd5 59. Bxe3 Ke4 60. Kf2 h4 61. Bg5 h3 62. Kg1 Kd3 63. Bh4 Ke2 64. Kh2 f2 65.
Bxf2 Kxf2 66. Kxh3 1/2-1/2

[Event "*** SCC Grand Prix: Titled Tuesday Blitz"]
[Site "Chess.com"]
[Date "2020.06.09"]
[Round "10"]
[White "Tsyhanchuk_Stanislav"]
[Black "ZverevLev"]
[Result "0-1"]
[WhiteElo "2392"]
[BlackElo "2286"]
[TimeControl "180+1"]
[EndTime "10:58:49 PDT"]
[Termination "ZverevLev won by resignation"]

1. e4 c5 2. Nf3 d6 3. d4 cxd4 4.
Nxd4 Nf6 5. Nc3 a6 6. Bg5 Nbd7 7. f4 Qc7 8. Qf3 h6 9. Bxf6 Nxf6 10. f5 Qc5 11.
O-O-O g5 12. fxg6 Bg4 13. gxf7+ Kxf7 14. Qd3 Bxd1 15. Qxd1 Bg7 16. Nb3 Qe3+ 17. Kb1 Nxe4 18. Bc4+ Ke8 19. Qh5+ Kd8 20. Nxe4 Qxe4 21. Qf7 Bf6 22.
Bd5 Qe5 23. c3 Kc7 24. Nd4 Kb6 25. Bf3 Rab8 26. Qb3+ Kc7 27. Qd1 Qa5 28. Re1 e5 29. Ne6+ Kd7 30. Bg4 Ke7 31. Nf4 Rhg8 32. Nd5+ Qxd5 33.
Qxd5 Rxg4 34. Rf1 b5 35. Qf3 Rf4 36. Qe2 Rxf1+ 37. Qxf1 d5 38. Qf5 b4 39. Qh7+ Ke6 40. Qa7 Rg8 41. Qxa6+ Kf5 42. Qd3+ Ke6 43. cxb4 e4 44.
Qh3+ Kd6 45. b5 d4 46. Qxh6 Ke6 47. Qh3+ Ke7 48. Qa3+ Kd7 49. Qa7+ Ke6 50. Qb6+ Kf5 51. Qc5+ Kf4 52. Qd6+ Be5 53. Qh6+ Kf5 54. Qh7+ Rg6 55. h4 Kf6 56. Qh8+ Ke6 57. Qe8+ Kf5 58. Qf7+ Bf6 59. Qd7+ Kf4 60. Qc7+ Be5 61. b6 Bxc7 62. bxc7 Rc6 63. h5 Rxc7 64. h6 e3 0-1

[Event "*** SCC Grand Prix: Titled Tuesday Blitz"]
[Site "Chess.com"]
[Date "2020.06.09"]
[Round "10"]
[White "mortngabriel"]
[Black "AniJak"]
[Result "1-0"]
[WhiteElo "2458"]
[BlackElo "2254"]
[TimeControl "180+1"]
[EndTime "10:58:51 PDT"]
[Termination "mortngabriel won on time"]

1. e4 c6 2. Ne2 d5 3. e5 Bf5 4. Ng3 Bg6 5. h4 h6 6. h5 Bh7 7. d4 e6 8. Bd3 Bxd3 9. Qxd3 c5 10. dxc5 Nd7 11. O-O Bxc5 12. Be3 Bxe3 13. Qxe3 Ne7 14. f4 Qc7 15. c3 Qc5 16. Qxc5 Nxc5 17. Nd2 O-O-O 18.
Nb3 Nxb3 19. axb3 a6 20. f5 Nc6 21. fxe6 fxe6 22. Rf7 Rd7 23. Raf1 Nxe5 24. Rxd7 Kxd7 25.
Ne2 Ke7 26. Nf4 Rf8 27. g3 Rf5 28. Nxd5+ Kd6 29. Nf4 Ng4 30. Rd1+ Ke7 31. Re1 e5 32. Kg2 Kd6 33. Kf3 Nf6 34. Rd1+ Kc6 35. Rd8 exf4 36. g4 Rd5 37. Rf8 Rd2 38. Rf7 Rxb2 39. Rxg7 Kd5 40. Rxb7 Rc2 41. c4+ Ke5 42. Re7+ Kd6 43. Ra7 Rc3+ 44.
Kxf4 Rxb3 45. Rxa6+ Ke7 46. Kf5 Nd7 47. Rxh6 Rc3 48.
Rc6 Rc1 49. h6 Rf1+ 50. Kg5 Rh1 51. Ra6 Nf8 52. c5 Ne6+ 53. Kg6 Nf8+ 54. Kg7 Ne6+ 55. Kg6 Nf8+ 56. Kf5 Rf1+ 57. Kg5 Ne6+ 58. Kg6 Nf8+ 59.
Kg7 Ne6+ 60. Kh7 Rf7+ 61. Kg6 Rf6+ 62. Kh7 Nf8+ 63. Kg8 Rxa6 64. h7 Nxh7 65. Kxh7 Kf6 66. Kh6 1-0

[Event "*** SCC Grand Prix: Titled Tuesday Blitz"]
[Site "Chess.com"]
[Date "2020.06.09"]
[Round "10"]
[White "kirillshevchenko"]
[Black "Igor_Lysyj"]
[Result "1-0"]
[WhiteElo "2910"]
[BlackElo "2747"]
[TimeControl "180+1"]
[EndTime "10:58:52 PDT"]
[Termination "kirillshevchenko won on time"]

1. e4 e5 2. Nf3 Nc6 3. Bb5 Nf6 4. O-O Nxe4 5. d4 Nd6 6. Bxc6 dxc6 7. dxe5 Nf5 8.
Qxd8+ Kxd8 9. Nc3 Be7 10. h3 Nh4 11. Nd4 Nf5 12. Nf3 Nh4 13. Nxh4 Bxh4 14. f4 Bf5 15.
Rd1+ Ke8 16. g4 Bd7 17. Ne4 b6 18. f5 c5 19. Bg5 Bxg5 20. Nxg5 Bc6 21. Kf2 h6 22.
Nf3 h5 23. Kg3 Ke7 24. Rd2 hxg4 25. hxg4 Rad8 26. Rad1 Rxd2 27. Rxd2 Rh1 28. b3 Rf1 29. Nh4 Rg1+ 30. Kf4 Rf1+ 31. Ke3 Re1+ 32. Re2 Rh1 33. Ng2 Rh3+ 34. Kf4 a5 35. Ne3 Rh1 36. g5 g6 37. e6 Rh4+ 38. Kg3 Rh1 39. exf7 Kxf7 40. f6 Rg1+ 41. Kf4 Rh1 42. Ng4 Rf1+ 43. Rf2 Rxf2+ 44.
Nxf2 Bd7 45. Nd3 Bf5 46. Ne5+ Ke6 47. c3 Bb1 48. a3 Bc2 49. b4 cxb4 50. cxb4 axb4 51.
axb4 c5 52. bxc5 bxc5 53. Nc4 Bf5 54. Ne3 Bd3 55. Nd1 Bf5 56. Nc3 Bd3 57. Ke3 Bf5 58.
Ne4 c4 59. Kd4 c3 60. Nxc3 Bc2 61. Ne4 Bb1 62. Ke3 Ba2 63. Kf4 1-0

[Event "*** SCC Grand Prix: Titled Tuesday Blitz"]
[Site "Chess.com"]
[Date "2020.06.09"]
[Round "10"]
[White "sergiochess83"]
[Black "Evgeny81"]
[Result "0-1"]
[WhiteElo "2835"]
[BlackElo "2785"]
[TimeControl "180+1"]
[EndTime "10:58:53 PDT"]
[Termination "Evgeny81 won by resignation"]

1. e4 e5 2. Nf3 Nc6 3. Bb5 a6 4. Ba4 Nf6 5. O-O Be7 6. Re1 b5 7. Bb3 d6 8. c3 Na5 9. Bc2 c5 10. d4 Qc7 11. Nbd2 O-O 12. h3 Be6 13. d5 Bd7 14.
Nf1 Rfb8 15. b3 c4 16. b4 Nb7 17.
Be3 Ne8 18. a4 g6 19. g4 Nd8 20. Qd2 f6 21. Ng3 Nf7 22. Kh2 Ng7 23. Rg1 Kh8 24. Ra2 Qc8 25. Rga1 Qe8 26. Qd1 h5 27. Nh4 Kh7 28.
axb5 axb5 29. gxh5 g5 30. Ng6 Rxa2 31. Rxa2 Bd8 32. Ra7 Kg8 33. h4 Nh6 34. hxg5 fxg5 35. f3 Nxh5 36. Nxh5 Qxg6 37. Ng3 Bc8 38. Qa1 g4 39. f4 exf4 40. Bxf4 Bg5 41. Qc1 Nf7 42.
Kg1 Bxf4 43. Qxf4 Ne5 44. Bd1 Bd7 45. Be2 Rf8 46. Qe3 Qf6 47. Kg2 Qg6 48. Ra6 Rf7 49.
Ra8+ Kg7 50. Ra7 Qh6 51. Qxh6+ Kxh6 52. Ra6 Rf6 53. Rb6 Kg5 54. Nf1 Kf4 55. Ng3 Ke3 56. Rb7 Kd2 57. Nh5 Rh6 58. Nf4 Kxc3 59. Kg3 Kxb4 60.
Rc7 Kc3 61. Ne6 Bxe6 62. dxe6 Rxe6 63. Bxc4 Nxc4 64. Rd7 Rxe4 0-1

[Event "*** SCC Grand Prix: Titled Tuesday Blitz"]
[Site "Chess.com"]
[Date "2020.06.09"]
[Round "10"]
[White "MFBerna"]
[Black "DACF2905"]
[Result "1-0"]
[WhiteElo "2403"]
[BlackElo "2237"]
[TimeControl "180+1"]
[EndTime "10:58:53 PDT"]
[Termination "MFBerna won by resignation"]

1. d4 Nf6 2. c4 e6 3. Nf3 b6 4.
g3 Bb7 5. Bg2 c5 6. O-O d5 7. cxd5 Bxd5 8. Nc3 Bb7 9. dxc5 Qxd1 10.
Rxd1 Bxc5 11. Nb5 Na6 12. Be3 Ke7 13. Bxc5+ Nxc5 14. Ne5 a6 15. Bxb7 Nxb7 16. Nc6+ Kf8 17. Nd6 Nxd6 18. Rxd6 Ne4 19. Rd4 Nf6 20. Rad1 g6 21.
Rd6 Kg7 22. Ne5 b5 23. Rc6 Rhc8 24. Rdc1 Rxc6 25. Rxc6 Ra7 26. f3 Nd5 27. a3 f6 28.
Nd3 a5 29. Rxe6 b4 30. Kf2 bxa3 31. bxa3 Kf7 32. Rd6 Nc3 33. Rc6 Nb5 34. a4 Nd4 35. Rb6 Rc7 36. Ra6 Rc2 37. Ra7+ Kf8 38. Nf4 g5 39.
Rd7 Nb3 40. Nd5 Nc1 41. Nxf6 Rxe2+ 42. Kf1 h6 43. Ng4 Rc2 44. Nxh6 Rxh2 45. Nf5 Ra2 46. Rd5 Rxa4 47. Kg2 Nd3 48. Ne3 Ne1+ 49. Kh3 Nxf3 50. Rf5+ Ke7 51. Rxf3 Ra3 52. Kg4 Ra4+ 53. Kxg5 Re4 54. Nf5+ Ke6 55. g4 a4 56. Re3 Ke5 57.
Rxe4+ Kxe4 58. Nd6+ Kd5 59. Nb5 Kc5 60. Na3 Kb4 61. Nb1 Kb3 62. Kf4 Kb2 63. Nd2 Kc3 64. Ke3 a3 65. Nb1+ Kc4 66. Nxa3+ Kd5 67. Kf4 Ke6 68.
Kg5 Ke7 69. Kg6 Kf8 70. Kh7 Kf7 71. g5 Ke6 72. g6 1-0

[Event "*** SCC Grand Prix: Titled Tuesday Blitz"]
[Site "Chess.com"]
[Date "2020.06.09"]
[Round "10"]
[White "awesomevishesh"]
[Black "Khazieva_Elza"]
[Result "1-0"]
[WhiteElo "2394"]
[BlackElo "2234"]
[TimeControl "180+1"]
[EndTime "10:58:53 PDT"]
[Termination "awesomevishesh won on time"]

1. e4 c5 2. Nf3 d6 3. Bb5+ Nd7 4.
O-O a6 5. Bd3 g6 6. c3 Bg7 7. Bc2 Ngf6 8. d4 O-O 9. Re1 Qc7 10.
Nbd2 b5 11. a4 Bb7 12. d5 e6 13. dxe6 fxe6 14. Ng5 Rae8 15. axb5 axb5 16. Nb3 h6 17.
Nf3 Ng4 18. h3 Nge5 19. Nxe5 Nxe5 20. f4 Nc4 21. Nd2 Nb6 22. Nf3 b4 23. cxb4 cxb4 24. Nh4 g5 25. fxg5 hxg5 26. Bxg5 Bxb2 27. Rb1 Bc3 28.
Re3 Rf7 29. Rg3 Rg7 30. Qh5 Qf7 31. Qe2 Be5 32. Rg4 Qh5 33. Rxb4 Rxg5 34. Rxb6 Bd4+ 35.
Kh2 Bxb6 36. Qb5 d5 37. Rxg5+ Qxg5 38. Qxe8+ Kg7 39. Qd7+ Kf6 40. Qxb7 Qf4+ 41. Kh1 Qc1+ 42. Kh2 Qf4+ 43. g3 Qf2+ 44. Ng2 Qxc2 45. Qxb6 Qxe4 46. Qd8+ Kf7 47. Qh8 d4 48. Qd8 d3 49.
Nf4 Qe3 50. Qxd3 Qf2+ 51. Ng2 e5 52. Qe4 Ke6 53. h4 Kd6 54. Kh3 Qf6 55. h5 Qe6+ 56.
g4 Qf6 57. Kg3 Qf7 58. Qg6+ 1-0